 Dungeon Sprint DCSS version 0.28.0-43-g3370ac3207 (webtiles) character file.

Game seed: 15848734026894582214

6425 boopmooplesden the Severer (level 10, -2/115 HPs)
             Began as a Minotaur Berserker on Mar 10, 2022.
             Was the Champion of Trog.
             Slain by a flying skull (11 damage)
             ... in the Dungeon (Sprint II: "The Violet Keep of Menkaure").
             The game lasted 00:04:21 (1734 turns).

boopmooplesden the Severer (Minotaur Berserker)     Turns: 1734, Time: 00:04:22

Health: -2/115     AC:  9    Str: 25    XL:     10   Next: 67%
Magic:  9/9        EV: 15    Int:  4    God:    Trog [******]
Gold:   707        SH:  0    Dex: 11    Spells: 9/9 levels left

rFire   + . .      SeeInvis .   o - +4 battleaxe (vorpal)
rCold   . . .      Faith    .   (shield currently unavailable)
rNeg    . . .      Spirit   .   l - +2 leather armour {rF+}
rPois   .          Reflect  .   (helmet restricted)
rElec   .          Harm     .   k - +1 cloak
rCorr   .          Rampage  .   m - +0 pair of gloves
Will    .....      NoTele   +   (no boots)
Stlth   +.........              (no amulet)
HPRegen 0.29/turn               (no ring)
MPRegen 0.11/turn               (no ring)

@: on berserk cooldown, slowed, very slow
A: horns 2, retaliatory headbutt
a: Renounce Religion, Berserk, Trog's Hand, Brothers in Arms


You were in the Dungeon.
You worshipped Trog.
Trog was exalted by your worship.
You visited 1 branch You collected 1479 gold pieces.
You spent 772 gold pieces at shops.

Inventory:

Hand Weapons
 a - a +0 hand axe
 j - a +2 hand axe of flaming
 o - a +4 vorpal battleaxe (weapon)
Armour
 b - a +0 animal skin
 k - a +1 cloak (worn)
 l - a +2 leather armour of fire resistance (worn)
 m - a +0 pair of gloves (worn)
 n - the +0 leather armour "Umorhikh" {rPois Int+5}
   (You bought it in a shop in the Dungeon)

   Int:       It affects your intelligence (+5).
   rPois:     It protects you from poison.
 t - a +0 tower shield
Scrolls
 h - 3 scrolls of blinking
 q - 2 scrolls of identify
 s - a scroll of fog
Potions
 c - a potion of curing
 e - a potion of haste
 f - 5 potions of magic
 g - 2 potions of berserk rage
 u - 3 potions of resistance
 w - 2 potions of flight
 z - a potion of mutation


   Skills:
 + Level 19.1 Fighting
 + Level 19.1 Axes
 + Level 8.6 Armour
 + Level 11.1 Dodging
 + Level 1.7 Stealth


You had 9 spell levels left.
You didn't know any spells.
Your spell library was empty.

Dungeon Overview and Level Annotations

Branches:
Dungeon (1/1)

Altars:
Cheibriados
Dithmenos
Elyvilon
Fedhas
Gozag
Hepliaklqana
Kikubaaqudgha
Makhleb
Nemelex Xobeh
Okawaru
Qazlal
Ru
Sif Muna
Trog
Uskayaw
Vehumet
Wu Jian
Xom
Yredelemnul
Zin
The Shining One
Beogh
Jiyva
Lugonu

Shops:
D ?:!((?==!*:*[[[

Annotations:
D exclusion: oklob plant


Innate Abilities, Weirdness & Mutations

You have a pair of horns on your head.
You reflexively headbutt those who attack you in melee.


Message History

You miss the flying skull. Your headbutt misses the flying skull.
The flying skull is lightly damaged.
The flying skull misses you.
You slash the flying skull!
The flying skull is severely damaged.
The flying skull hits you!
* * * LOW HITPOINT WARNING * * *
You miss the flying skull.
The flying skull is severely damaged.
You miss the flying skull.
The flying skull is severely damaged.
The flying skull hits you but does no damage.
You miss the flying skull.
The flying skull is severely damaged.
The flying skull barely misses you.
Your unstable footing causes you to fumble your attack.
You are no longer berserk.
You are exhausted.
You feel yourself slow down. The flying skull hits you.
* * * LOW HITPOINT WARNING * * *
Your unstable footing causes you to fumble your attack.
The flying skull misses you.
Your unstable footing causes you to fumble your attack.
The flying skull closely misses you. You furiously retaliate!
You headbutt the flying skull, but do no damage.
The flying skull hits you!
* * * LOW HITPOINT WARNING * * *
You completely miss the flying skull.
The flying skull is severely damaged.
The flying skull misses you. x2
You slice the flying skull like a ripe choko!!!
You destroy the flying skull!
Trog accepts your kill.
Your unstable footing causes you to fumble your attack.
The flying skull hits you!
* * * LOW HITPOINT WARNING * * *
The flying skull hits you but does no damage.
Your unstable footing causes you to fumble your attack.
The flying skull hits you!
You die...

,##≈≈≈≈≈≈§§.≈#.._._._.#≈≈≈§####▓▓
##≈≈≈≈≈≈≈≈≈≈≈#._._._._#≈≈§≈§##..#
≈≈≈≈≈≈≈≈§≈≈§≈#_._._._.#§§≈≈§§#..#
+++#≈§≈§§≈≈≈≈#._._._..#§§≈≈§≈§†.+
≈≈≈##≈≈≈###≈≈#_._._...#≈§§≈≈§#..#
°≈≈≈##§§#)#≈≈#._._....#≈≈≈≈§≈▓..#
≈≈≈≈≈+§§#'#≈≈#_._.....#≈§≈§▓▓▓▓▓▓
≈≈≈≈*#§≈≈≈§§≈##########≈≈§≈▓zzz≈≈
≈≈≈*##########zz@)≈≈≈≈≈≈≈≈≈▓zzz≈≈
***#.zz....###≈########≈▓▓▓▓▓▓▓▓*
**#..○°..°..##°#,,,,,,#▓▓,,,,,,,*
,+.....°.....zz#,,,,,,**,,,,,,,,,
,##........°####,,,,,,+,,,,,,,,,,
^,##○.°..○.##***,,,,,,**,,,,,,,,,
,,,#########,,,,,,,,,,***,,,,,,,*
,,,+,+,,,+,+,,^,,,,,,,* *********
***********************


You could see 2 flying skulls.

Vanquished Creatures
  A kraken (D)
  2 deep trolls (D)
  A merfolk siren (D)
  A yaktaur (D)
  3 polar bears (D)
  A hornet (D)
  10 flying skulls (D)
  A vampire mosquito (D)
  4 neqoxecs (D)
  5 water moccasins (D)
  4 scorpions (D)
  3 worms (D)
  4 tentacles (D)
40 creatures vanquished.

Vanquished Creatures (others)
  Menkaure (D)
  3 tentacles (D)
4 creatures vanquished.

Grand Total: 44 creatures vanquished

Notes
Turn   | Place    | Note
-------+----------+-------------------------------------------
     0 | D        | boopmooplesden the Minotaur Berserker began the quest for
                  | the Orb.
     0 | D        | Reached XP level 1. HP: 19/19 MP: 0/0
     1 | D        | Noticed a merfolk siren
    18 | D        | Killed a merfolk siren
    19 | D        | Reached skill level 10 in Fighting
    19 | D        | Reached skill level 10 in Axes
    19 | D        | Reached skill level 5 in Armour
    19 | D        | Reached skill level 5 in Dodging
    19 | D        | Reached XP level 2. HP: 16/39 MP: 1/1
    19 | D        | Reached XP level 3. HP: 19/46 MP: 2/2
    19 | D        | Reached XP level 4. HP: 22/53 MP: 3/3
    19 | D        | Reached XP level 5. HP: 25/59 MP: 4/4
    19 | D        | Reached XP level 6. HP: 28/67 MP: 5/5
   206 | D        | Reached ** piety under Trog
   212 | D        | Noticed a water moccasin
   217 | D        | Killed a water moccasin
   270 | D        | Killed Menkaure
   297 | D        | Noticed a neqoxec
   297 | D        | Noticed a neqoxec
   297 | D        | Noticed a neqoxec
   297 | D        | Noticed a neqoxec
   300 | D        | Killed a neqoxec
   300 | D        | Reached *** piety under Trog
   301 | D        | Reached XP level 7. HP: 75/75 MP: 6/6
   303 | D        | Killed a neqoxec
   308 | D        | Killed a neqoxec
   310 | D        | Killed a neqoxec
   466 | D        | Reached **** piety under Trog
   470 | D        | Reached XP level 8. HP: 88/88 MP: 7/7
   502 | D        | Found Meff's Distillery.
   502 | D        | Found Qeburhi's Book Emporium.
   502 | D        | Found Ighuep's Antique Armour Emporium.
   502 | D        | Found Weselarph's Jewellery Shoppe.
   502 | D        | Found Xyaruboi's Antique Armour Emporium.
   502 | D        | Found Toq Xoel's Assorted Antiques.
   502 | D        | Found Nuure's General Store.
   502 | D        | Found Tadwyefri's Antique Armour Shoppe.
   503 | D        | Found Urynlu Qyll's Jewellery Shoppe.
   504 | D        | Found Utuhos's Magic Scroll Shoppe.
   504 | D        | Found Xemourph's Antique Weapon Emporium.
   504 | D        | Noticed a slime creature
   504 | D        | Noticed a slime creature
   514 | D        | Found Teell's Antique Weapon Emporium.
   514 | D        | Found Waecs's Distillery.
   514 | D        | Noticed a slime creature
   514 | D        | Noticed an oklob plant
   527 | D        | Reached ***** piety under Trog
   537 | D        | Found Maedapp's Book Shoppe.
   537 | D        | Found Hyaps's Magic Scroll Emporium.
   539 | D        | Noticed a great orb of eyes
   551 | D        | Bought a runed hand axe for 132 gold pieces
   665 | D        | Bought a glowing cloak for 210 gold pieces
   665 | D        | Bought a dyed leather armour for 140 gold pieces
   685 | D        | Bought a pair of gloves for 108 gold pieces
   692 | D        | Bought a slimy leather armour for 182 gold pieces
   692 | D        | Identified the +0 leather armour "Umorhikh" {rPois Int+5}
                  | (You bought it in a shop in the Dungeon)
   712 | D        | Found a glowing silver altar of Zin.
   713 | D        | Found a glowing golden altar of the Shining One.
   713 | D        | Found a basalt altar of Yredelemnul.
   713 | D        | Found a hide-covered altar of Uskayaw.
   713 | D        | Found a radiant altar of Vehumet.
   714 | D        | Found a shimmering altar of Xom.
   714 | D        | Found a bloodstained altar of Trog.
   714 | D        | Found a burning altar of Makhleb.
   715 | D        | Found an ornate altar of the Wu Jian Council.
   715 | D        | Found a shimmering blue altar of Sif Muna.
   715 | D        | Found a corrupted altar of Lugonu.
   716 | D        | Found a sacrificial altar of Ru.
   716 | D        | Found an ancient bone altar of Kikubaaqudgha.
   716 | D        | Found a white marble altar of Elyvilon.
   717 | D        | Found a stormy altar of Qazlal.
   717 | D        | Found a viscous altar of Jiyva.
   717 | D        | Found a shadowy altar of Dithmenos.
   718 | D        | Found a hazy altar of Hepliaklqana.
   718 | D        | Found a snail-covered altar of Cheibriados.
   720 | D        | Noticed a yaktaur
   720 | D        | Noticed a hornet
   720 | D        | Noticed a polar bear
   720 | D        | Noticed a polar bear
   725 | D        | Killed a polar bear
   727 | D        | Noticed a polar bear
   729 | D        | Killed a polar bear
   730 | D        | Reached skill level 15 in Fighting
   730 | D        | Reached skill level 15 in Axes
   732 | D        | Killed a hornet
   733 | D        | Reached XP level 9. HP: 99/99 MP: 8/8
   734 | D        | Killed a yaktaur
   740 | D        | Killed a polar bear
   802 | D        | Noticed a kraken
   820 | D        | Received a gift from Trog
  1124 | D        | Killed a kraken
  1396 | D        | Found a sparkling altar of Nemelex Xobeh.
  1396 | D        | Found a blossoming altar of Fedhas.
  1397 | D        | Found an iron altar of Okawaru.
  1397 | D        | Found an opulent altar of Gozag.
  1609 | D        | Noticed a deep troll
  1611 | D        | Killed a deep troll
  1612 | D        | Reached skill level 10 in Dodging
  1612 | D        | Reached skill level 1 in Stealth
  1612 | D        | Reached XP level 10. HP: 112/112 MP: 9/9
  1612 | D        | Noticed a deep troll
  1618 | D        | Killed a deep troll
  1697 | D        | Reached ****** piety under Trog
  1697 | D        | Received a gift from Trog
  1734 | D        | Slain by a flying skull

Illustrated notes

Levels and vault maps discovered:
D:        the_violet_keep_of_menkaure [sprint2_stairs_cluster_1,
          sprint2_shoproom, sprint2_temple, sprint2_basic_supplies,
          sprint2_obstacle_5, sprint2_obstacle_1, sprint2_obstacle_7,
          sprint2_obstacle_4, sprint2_obstacle_2, sprint2_timed_cluster_1,
          sprint2_smallroom_cluster_1, sprint2_smallroom_final_cluster_1,
          sprint2_transparent_cluster_1, sprint2_second_timed_cluster_1,
          sprint2_sniper_area_1, sprint2_heavy_combat_area_1,
          sprint2_mutation_trap_area_1, sprint2_forest_area_1,
          sprint2_light_combat_area_1, sprint2_behind_water_1,
          sprint2_near_end_vault_1]

Skill      XL: |  1  2  3  4  5  6  7  8  9 10 |
---------------+-------------------------------+-----
Fighting       | 10 11 13 15 17 19 | 19.1
Axes           | 10 11 13 15 17 19 | 19.1
Armour         | 5 6 7 8 |  8.6
Dodging        | 5 6 7 8 10 11 | 11.1
Stealth        | 1 |  1.7

Action                   |  1- 3 |  4- 6 |  7- 9 | 10-12 || total
-------------------------+-------+-------+-------+-------++-------
Melee: Hand axe          |    15 |     9 |    73 |       ||    97
       Headbutt          |     3 |     4 |    13 |     5 ||    25
       Battleaxe         |       |       |    17 |    67 ||    84
Invok: Berserk           |       |     1 |     4 |     1 ||     6
  Use: Scroll            |       |       |    10 |       ||    10
       Potion            |       |       |     1 |     1 ||     2
Armor: Animal skin       |       |       |     3 |       ||     3
       Leather armour    |       |       |    12 |    12 ||    24
Dodge: Dodged            |     2 |     2 |    43 |    40 ||    87
